 Dungeon Crawl Stone Soup version 0.22.1-1-ga44c0e56f4 (webtiles) character file.

63 Gargoyl the Skirmisher (level 3, -4/31 HPs)
             Began as a Centaur Abyssal Knight on Oct 19, 2018.
             Was a Believer of Lugonu.
             Killed from afar by Natasha (9 damage)
             ... with a wand of flame (24)
             ... on level 1 of the Dungeon.
             The game lasted 00:02:36 (1241 turns).

Gargoyl the Skirmisher (Centaur Abyssal Knight)     Turns: 1241, Time: 00:02:37

Health: -4/31      AC:  6    Str: 14    XL:     3   Next: 87%
Magic:  4/4        EV:  9    Int: 11    God:    Lugonu [**....]
Gold:   40         SH:  0    Dex:  9    Spells: 2/2 levels left

rFire    . . .     SeeInvis .   a - +1 hand axe
rCold    . . .     Gourm    .   (no shield)
rNeg     . . .     Faith    .   b - +0 leather armour
rPois    .         Spirit   .   (no helmet)
rElec    .         Reflect  .   (no cloak)
rCorr    .         Harm     .   e - +1 pair of gloves
MR       .....                  (no barding)
Stlth    ..........             (no amulet)
HPRegen  0.10/turn              (no ring)
MPRegen  0.09/turn              (no ring)

@: very quick
A: large, hooves 3, deformed body, speed 2, tough skin 3
a: Depart the Abyss, Bend Space, Renounce Religion


You were on level 1 of the Dungeon.
You worshipped Lugonu.
Lugonu was pleased with you.
You were hungry.

You visited 1 branch of the dungeon, and saw 2 of its levels.
You visited the Abyss 1 time.

You collected 40 gold pieces.

Inventory:

Hand Weapons
 a - a +1 hand axe (weapon)
Armour
 b - a +0 leather armour (worn)
 e - a +1 pair of gloves (worn)
Jewellery
 h - a cursed ring of teleportation {unknown}
 i - an uncursed amulet of magic regeneration {unknown}
Scrolls
 d - a scroll of remove curse
Comestibles
 c - a ration


   Skills:
 + Level 3.5 Fighting
 + Level 2.3 Axes
 * Level 2.1 Armour
 + Level 0.9 Dodging
 * Level 2.5 Invocations


You had 2 spell levels left.
You didn't know any spells.
Your spell library was empty.

Dungeon Overview and Level Annotations

Branches:
Dungeon (2/15)

Altars:

Annotations:
D:1 Natasha
D:2 Terence


Innate Abilities, Weirdness & Mutations

You have hooves in place of feet.
Armour fits poorly on your strangely shaped body.
You cover ground very quickly.
You have extremely tough skin. (AC +3)


Message History

Natasha is moderately wounded.
Natasha misses you.
You hit Natasha.
Natasha is severely wounded.
You miss the crimson imp. Natasha casts a spell at you.
You resist with significant effort.
The crimson imp hits you but does no damage.
You miss Natasha.
Natasha is severely wounded.
You closely miss the crimson imp. Natasha barely misses you.
The crimson imp blinks!
Natasha stares at you and mumbles some strange words.
The magic dart hits you!
* * * LOW HITPOINT WARNING * * *
You aren't carrying any potions.
You closely miss Natasha. Your kick misses Natasha.
Natasha is severely wounded.
Natasha zaps a wand.
The puff of flame hits you!
You die...

......##.#.####5#.###.#..#.......
......####.#>...............####.
...#######.####...###.#.##.......
...# #............###.#.##..##...
..## #.###.#..#..................
..# ##.##.........#..............
..# #............................
#####..#.....###.h##.#...##......
.##..........###@........##......
.#######...........).#.#รท#......#
...................#.###.#......#
.##...###........###.# #....#.#.#
.##...# #......#.###.#####..#.#.#
.##...# #......>..............#.#
.##..># #..##..#.###........#.#.#
.##..)# #........###.###.##...#..
.###'## #..........#.#...........


You could see Natasha.

Vanquished Creatures
  Natasha (D:1)
  An ooze (D:1)
  A dart slug (D:1)
  A leopard gecko (D:1)
  5 bats (D:1)
  A giant cockroach (D:1)
  4 goblins (D:1)
  2 hobgoblins (D:1)
  4 kobolds
  A frilled lizard (D:1)
  13 rats (D:1)
34 creatures vanquished.

Notes
Turn   | Place    | Note
-------+----------+-------------------------------------------
     0 | Abyss:1  | Gargoyl the Centaur Abyssal Knight began the quest for the
                  | Orb.
     0 | Abyss:1  | Reached XP level 1. HP: 19/19 MP: 2/2
    11 | Abyss:2  | Found a corrupted altar of Lugonu.
    67 | Abyss:2  | Noticed a blink frog
    68 | Abyss:2  | Noticed a blink frog
    70 | D:1      | Escaped the Abyss
    74 | D:1      | Reached * piety under Lugonu
    93 | D:1      | Reached XP level 2. HP: 26/26 MP: 3/3
   400 | D:1      | Reached XP level 3. HP: 31/31 MP: 4/4
   469 | D:1      | Reached ** piety under Lugonu
   776 | D:2      | Noticed Natasha
   779 | D:2      | Noticed Terence
  1137 | D:1      | Killed Natasha
  1229 | D:1      | Noticed Natasha
  1241 | D:1      | Killed from afar by Natasha

Skill      XL: |  1  2 |
---------------+-------+-----
Axes           | 2 |  2.3
Armour         | 2 |  2.1
Fighting       | |  3.5
Dodging        | |  0.9
Invocations    | |  2.5

Action                   || total
-------------------------++-------
Melee: Hand axe          ||   112
       Kick              ||    20
Invok: Depart the Abyss  ||     1
  Use: Scroll            ||     3
       Potion            ||     1
Armor: Leather armour    ||    63
Dodge: Dodged            ||    52
